 Dungeon Crawl Stone Soup version 0.31-a0-662-g684573625c (webtiles) character file.

Game seed: 318741507526237830

1313 sampeng1 the Ruffian (level 8, -10/80 HPs)
             Began as a Troll Shapeshifter on Sept 1, 2023.
             Was an Initiate of Dithmenos.
             Mangled by Pikel
             ... wielding a +2 whip of electrocution
              (14 damage)
             ... on level 7 of the Dungeon.
             The game lasted 00:12:21 (3149 turns).

sampeng1 the Ruffian (Troll Shapeshifter)           Turns: 3149, Time: 00:12:22

Health: -10/80     AC:  6    Str: 25    XL:     8   Next: 32%
Magic:  7/7        EV: 11    Int: 12    God:    Dithmenos [......]
Gold:   249        SH:  0    Dex:  9    Spells: 7/7 levels left

rFire   . .          .
                       - Unarmed
rCold   . . .        (no shield)
rNeg    . . .        a - +2 animal skin
rPois   .            (helmet currently unavailable)
rElec   .            (cloak currently unavailable)
rCorr   .            (gloves unavailable)
SInv    .            (boots unavailable)
Will    .....        (no amulet)
Stlth   ++           e - +6 ring of intelligence
HPRegen 1.13/turn    (no ring)
MPRegen 0.10/turn

%: no passive effects
@: beast-form
A: beast (slay +3), large, unfitting armour, claws 3, regeneration 1, shaggy fur
1, tough skin 1
a: Begin Untransformation, Renounce Religion


You were on level 7 of the Dungeon.
You worshipped Dithmenos.
Dithmenos was noncommittal.
You were a hulking beast.
You visited 2 branches of the dungeon, and saw 8 of its levels.

You collected 249 gold pieces.

Inventory:

Missiles
 r - 3 boomerangs
Armour
 a - a +2 animal skin (worn)
Jewellery
 e - a +6 ring of intelligence (left claw)
 g - a ring of fire
Talismans
 c - a beast talisman (active)
 d - a flux talisman
Scrolls
 f - a scroll of fear {unknown}
 h - 2 scrolls of amnesia
 i - a scroll of silence {unknown}
 j - 2 scrolls of teleportation
Potions
 b - a potion of lignification
 k - a potion of resistance
 l - 2 potions of degeneration


   Skills:
 + Level 5.2 Fighting
 - Level 4.0 Armour
 + Level 5.4 Dodging
 + Level 3.2 Stealth
 + Level 6.9 Unarmed Combat
 + Level 6.4 Shapeshifting


You had 7 spell levels left.
You didn't know any spells.
Your spell library contained the following spells:

 Spells                   Type           Power      Damage    Failure   Level
 Ensorcelled Hibernation  Hex/Ice        0%         N/A       45%         2
 Lesser Beckoning         Tloc           0%         N/A       45%         2
 Passwall                 Tmut/Erth      0%         N/A       45%         2
 Gell's Gravitas          Tloc           0%         N/A       69%         3
 Swiftness                Air            0%         N/A       69%         3
 Teleport Other           Tloc           0%         N/A       69%         3


Dungeon Overview and Level Annotations

Branches:
Dungeon (8/15)             Temple (1/1) D:4
   Lair: D:8-11

Altars:
Cheibriados
Dithmenos
Elyvilon
Fedhas
Gozag
Makhleb
Nemelex Xobeh
Qazlal
Ru
Sif Muna
Trog
Vehumet
Wu Jian
Xom
Yredelemnul
Zin
The Shining One

Shops:
D:2 =

Annotations:
D:7 Pikel


Innate Abilities, Weirdness & Mutations

You are a hulking beast.
Your limbs bulge with bestial killing power. (Slay +3)
You are too large for most types of armour.
You have claws for hands.
Your natural rate of healing is unusually fast.
You are covered in fur. (AC +1)
You have tough skin. (AC +1)


Message History

You barely miss the lemure. The lemure closely misses you.
The lemure hits you but does no damage.
You closely miss the lemure.
The lemure shouts!
You barely miss the lemure. You closely miss Pikel. The lemure hits you.
You barely miss Pikel. The lemure hits you.
Pikel hits you with a +2 whip of electrocution.
The lemure hits you but does no damage.
You claw Pikel!
Pikel is moderately wounded.
The lemure hits you. x2; The lemure hits you but does no damage.
Pikel misses you.
You scratch Pikel but do no damage.
Pikel is moderately wounded.
The lemure closely misses you. The lemure hits you! The lemure hits you.
Pikel zaps a wand.
Your mind is blasted!
You mangle Pikel!!
Pikel is almost dead.
The lemure barely misses you. The lemure closely misses you.
The lemure barely misses you.
Pikel zaps a wand.
Your mind is blasted!
* * * LOW HITPOINT WARNING * * *
You scratch Pikel but do no damage.
Pikel is almost dead.
The lemure barely misses you. The lemure hits you but does no damage.
The lemure barely misses you.
Pikel says, "You'll feel the lick of my whip!"
Pikel hits you with a +2 whip of electrocution.
* * * LOW HITPOINT WARNING * * *
You scratch Pikel.
Pikel is almost dead.
You scratch Pikel but do no damage.
Pikel is almost dead.
The lemure barely misses you. The lemure hits you!
* * * LOW HITPOINT WARNING * * *
Pikel hits you with a +2 whip of electrocution!
* * * LOW HITPOINT WARNING * * *
You are electrocuted!
You die...
Pikel says, "Another soul for the market."

...........##.#.##
.................##.#...
.................##.#...
.................##.#...
........................
...............#.#......
...............+........
......55.......#.#......
..#.5Kh#...............
......5.$.......###.....
........................
##.................#....
+....................
###...≈.≈§§.≈§≈.≈....
#...≈..§§.≈§§.§....
#...§§§§§§≈§≈≈≈...
#.....§.≈.§.≈.§..


You could see Pikel and 4 lemures.

Vanquished Creatures
  Menkaure (D:7)
  A sky beast (D:7)
  A black bear (D:4)
  An ice beast (D:7)
  The ghost of Goober42 the Conjurer, an amateur DECj (D:3)
  4 crimson imps (D:4)
  An orc priest (D:4)
  A jelly (D:7)
  An iguana (D:7)
  3 orc wizards
  An adder (D:2)
  3 worms (D:3)
  2 dart slugs
  19 orcs
  5 ball pythons
  6 bats
  11 endoplasms
  3 giant cockroaches
  5 hobgoblins
  2 jackals (D:4)
  4 quokkas
  2 frilled lizards
  5 goblins
  10 kobolds
  2 rats
95 creatures vanquished.

Notes
Turn   | Place    | Note
-------+----------+-------------------------------------------
     0 | D:1      | sampeng1 the Troll Shapeshifter began the quest for the
                  | Orb.
     0 | D:1      | Reached XP level 1. HP: 18/18 MP: 0/0
    85 | D:1      | Reached skill level 1 in Fighting
   144 | D:1      | Reached XP level 2. HP: 26/27 MP: 1/1
   405 | D:1      | Reached XP level 3. HP: 33/33 MP: 2/2
   804 | D:2      | Found a faded altar of an unknown god.
   900 | D:2      | Found Vagabaop's Jewellery Shop.
  1139 | D:3      | Found a snail-covered altar of Cheibriados.
  1163 | D:3      | Found a transporter.
  1165 | D:3      | Found a transporter.
  1165 | D:3      | Noticed Goober42's ghost (amateur DECj)
  1243 | D:3      | Reached XP level 4. HP: 34/41 MP: 3/3
  1251 | D:3      | Killed Goober42's ghost
  1255 | D:3      | Reached XP level 5. HP: 41/49 MP: 4/4
  1839 | D:4      | Found a shimmering altar of Xom.
  1876 | D:4      | Reached XP level 6. HP: 56/59 MP: 5/5
  1903 | D:4      | Found an ornate altar of the Wu Jian Council.
  2015 | D:4      | Found a staircase to the Ecumenical Temple.
  2024 | Temple   | Entered the Ecumenical Temple
  2173 | Temple   | Became a worshipper of Dithmenos the Shadowed
  2617 | D:4      | Reached skill level 5 in Fighting
  2617 | D:4      | Reached skill level 5 in Dodging
  2617 | D:4      | Reached XP level 7. HP: 72/72 MP: 6/6
  2906 | D:5      | Entered Level 5 of the Dungeon
  2924 | D:5      | You fall into a shaft and drop 3 floors!
  2966 | D:7      | Noticed Menkaure
  2975 | D:7      | Killed Menkaure
  2976 | D:7      | Reached XP level 8. HP: 22/80 MP: 7/7
  3136 | D:7      | Noticed Pikel
  3149 | D:7      | HP: 4/80 [Pikel/+2 whip of electrocution (7)]
  3149 | D:7      | Mangled by Pikel

Illustrated notes

Levels and vault maps discovered:
D:1:      saegor_arrival_simple_b, layout_loops_cross, minmay_strange_pillars,
          minmay_pentomino_x2
D:2:      layout_rooms, shapermc_ecumenical_altar_acropolis, serial_shops, shop
D:3:      layout_loops_cross, mainiacjoe_overflow_alcove_4,
          gammafunk_ghost_arena
D:4:      layout_gridville, led_xom_imps, nicolae_overflow_crystal_walls,
          minmay_temple_entry_hall
D:5:      layout_basic, kennysheep_little_box
D:7:      layout_basic, mainiacjoe_overflow_large_starburst,
          chequers_ossuary_entry_cave, kennysheep_generic_room_10,
          uniq_prince_ribbit1, uniq_pikel, uniq_menkaure
D:8:      layout_basic, chequers_serial_rivers_large_b, serial_bayou_ford_a,
          nicolae_two_hexagons, hangedman_decor_push, minmay_manual_moon
Temple:   eino_temple_water

Skill      XL: |  1  2  3  4  5  6 |
---------------+-------------------+-----
Fighting       | 1 2 5 |  5.2
Dodging        | 2 3 5 |  5.4
Unarmed Combat | 4 6 |  6.9
Shapeshifting  | 4 6 |  6.4
Armour         | 4 |  4.0
Stealth        | 3 |  3.2

Action                     |  1- 3 |  4- 6 |  7- 9 || total
---------------------------+-------+-------+-------++-------
  Melee: Unarmed           |   100 |    80 |    46 ||   226
         Punch             |     2 |     4 |     2 ||     8
    Use: Scroll            |     4 |     6 |     1 ||    11
         Potion            |     2 |     1 |     3 ||     6
   Stab: Sleeping          |     1 |       |       ||     1
 Armour: Animal skin       |    45 |    62 |    44 ||   151
  Dodge: Dodged            |    59 |    36 |    20 ||   115

Table legend: (Time is in decaauts)
 A = Elapsed time spent in this place.
 B = Non-inter-level travel time spent in this place.
 C = Inter-level travel time spent in this place.
 D = Time resting spent in this place.
 E = Time spent auto-exploring this place.
 F = Levels seen in this place.
 G = Mean time per level.
                   A        B        C        D        E       F      G
               +--------+--------+--------+--------+--------+-----+--------+
         Total |   3131 |   2975 |    156 |      0 |   2106 |   8 |  391.4 |
       Dungeon |   2965 |   2826 |    139 |      0 |   2106 |   7 |  423.6 |
        Temple |    165 |    148 |     17 |      0 |      0 |   1 |  165.0 |
               +--------+--------+--------+--------+--------+-----+--------+

Top non-repeatable levels by time:
     D:4: 976 daAuts
     D:1: 666 daAuts
     D:3: 663 daAuts
     D:2: 422 daAuts
     D:7: 182 daAuts
  Temple: 165 daAuts
     D:8: 36 daAuts
     D:5: 17 daAuts
